 Dungeon Crawl Stone Soup version 0.25-b1-23-ge2ad7d536c (webtiles) character file.

Game seed: 7394353429660690939, levelgen mode: deterministic

204 Esekla the Magician (level 5, -3/33 HPs)
             Began as an Octopode Wizard on June 3, 2020.
             Slain by an orc priest
             ... wielding a +0 flail
              (10 damage)
             ... on level 4 of the Dungeon.
             The game lasted 00:18:32 (2880 turns).

Esekla the Magician (Octopode Wizard)               Turns: 2880, Time: 00:18:33

Health: -3/33      AC:  1    Str:  7    XL:     5   Next: 82%
Magic:  7/10       EV: 13    Int: 21    God:
Gold:   158        SH:  0    Dex: 10    Spells: 2/11 levels left

rFire    . . .     SeeInvis .   h - +1 long sword (vorpal)
rCold    . . .     Gourm    .   (no shield)
rNeg     . . .     Faith    .   a - +0 hat
rPois    .         Spirit   .   (no amulet)
rElec    .         Reflect  .   (no ring)
rCorr    .         Harm     .   (no ring)
MR       .....                  (no ring)
Stlth    +++.......             (no ring)
HPRegen  0.11/turn              (no ring)
MPRegen  0.12/turn              (no ring)
                                (no ring)
                                (no ring)

@: no status effects
A: almost no armour, stealthy swim, amphibious, 8 rings, constrict 8, camouflage
1, gelatinous body 1
a: no special abilities


You were on level 4 of the Dungeon.
You were very hungry.

You visited 1 branch of the dungeon, and saw 4 of its levels.

You collected 158 gold pieces.

Inventory:

Hand Weapons
 h - a +1 vorpal long sword (weapon)
Missiles
 d - 24 poisoned darts (quivered)
 j - a boomerang
Armour
 a - a +0 hat (worn)
Scrolls
 f - a scroll of teleportation {unknown}
 g - a scroll of magic mapping {unknown}
 i - a scroll of fear {unknown}
 l - 2 scrolls of random uselessness {unknown}
 n - a scroll of amnesia {unknown}
Potions
 b - a potion of berserk rage {unknown}
 e - a potion of brilliance {unknown}
 k - a potion of haste {unknown}
 m - a potion of heal wounds {unknown}
 o - a potion of stabbing {unknown}
Comestibles
 c - 7 rations


   Skills:
 * Level 1.2 Fighting
 * Level 2.1 Long Blades
 * Level 2.6 Dodging
 - Level 2.6 Stealth
 + Level 3.8 Spellcasting
 + Level 2.0 Conjurations
   Level 1.0 Summonings
 * Level 2.1 Translocations
 * Level 1.0 Air Magic
 * Level 1.0 Poison Magic


You had 2 spell levels left.
You knew the following spells:

 Your Spells              Type           Power        Failure   Level  Hunger
a - Magic Dart            Conj           ##..         5%          1    None
b - Blink                 Tloc           N/A          8%          2    #......
c - Mephitic Cloud        Conj/Pois/Air  #.......     21%         3    ###....
f - Conjure Flame         Conj/Fire      #.......     24%         3    ###....

Your spell library contained the following spells:

 Spells                   Type           Power        Failure   Level  Hunger
 Call Imp                 Summ           #.......     12%         2    #......
 Slow                     Hex            #.......     19%         2    #......


Dungeon Overview and Level Annotations

Branches:
Dungeon (4/15)
 Temple: D:4-7

Altars:
Cheibriados
Dithmenos
Okawaru
Ru
Yredelemnul


Innate Abilities, Weirdness & Mutations

You cannot wear most types of armour.
You are very stealthy in the water. (Stealth+)
You are amphibious.
You can wear up to eight rings at the same time.
You can use your tentacles to constrict eight enemies at once.
Your skin changes colour to match your surroundings (Stealth+).
Your rubbery body absorbs attacks. (AC +1, EV +1)


Message History

Aim: an orc priest, wielding a +0 flail and wearing a +0 scale mail (heavily wounded, constricted by you, confused)
The magic dart hits the orc priest but does no damage.
The orc priest is heavily wounded.
You constrict the orc priest, but do no damage.
The orc priest escapes!
You hit the orc priest but do no damage.
You grab the orc priest.
The orc priest is heavily wounded.
You constrict the orc priest, but do no damage.
The orc priest struggles to escape constriction.
You hit the orc priest but do no damage.
The orc priest is heavily wounded.
You constrict the orc priest, but do no damage.
The orc priest struggles to escape constriction.
You hit the orc priest.
You squeeze the orc priest, but do no damage.
The orc priest is severely wounded.
You constrict the orc priest, but do no damage.
The orc priest hits you with a +0 flail!
You die...

.......
.......
.......
o......
.......
....c..##
#..########
##).......###
#@).####....#
##o.## ###.##
#...# ###
##..## #..##
#..# ##.##
##..# #..##


You could see an orc priest (confused).

Vanquished Creatures
  An orc priest (D:4)
  4 orc wizards
  3 adders (D:3)
  A dart slug (D:2)
  4 orcs
  A giant cockroach (D:3)
  2 goblins
  3 hobgoblins
  7 jackals
  3 quokkas
  4 bats
  5 frilled lizards
  A kobold (D:3)
  6 rats
45 creatures vanquished.

Notes
Turn   | Place    | Note
-------+----------+-------------------------------------------
     0 | D:1      | Esekla the Octopode Wizard began the quest for the Orb.
     0 | D:1      | Reached XP level 1. HP: 11/11 MP: 4/4
   414 | D:2      | Reached XP level 2. HP: 17/17 MP: 1/6
   418 | D:2      | Learned a level 2 spell: Blink
  1082 | D:3      | Reached XP level 3. HP: 11/21 MP: 4/7
  1276 | D:3      | Found a snail-covered altar of Cheibriados.
  1546 | D:3      | Found a sacrificial altar of Ru.
  1556 | D:3      | Reached XP level 4. HP: 5/27 MP: 6/9
  1568 | D:3      | Reached skill level 1 in Long Blades
  1573 | D:3      | Learned a level 3 spell: Mephitic Cloud
  1577 | D:3      | Learned a level 3 spell: Conjure Flame
  2026 | D:3      | Found an iron altar of Okawaru.
  2079 | D:3      | Found a basalt altar of Yredelemnul.
  2256 | D:3      | Found a shadowy altar of Dithmenos.
  2503 | D:4      | Reached XP level 5. HP: 9/32 MP: 7/10
  2861 | D:4      | Noticed a centaur
  2872 | D:4      | Reached skill level 1 in Fighting
  2875 | D:4      | Reached skill level 1 in Air Magic
  2875 | D:4      | Reached skill level 1 in Poison Magic
  2880 | D:4      | Slain by an orc priest

Illustrated notes

Levels and vault maps discovered:
D:1:      lightli_arrival_lavapool, layout_loops_corners
D:2:      layout_basic, chequers_temple_overflow_statue_of_worship,
          minmay_quadrilaterals
D:3:      layout_basic, okawaru_trees_2, lemuel_round_altar,
          nicolae_dithmenos_shadow_blocks, old_standard_altar, first_ration,
          nicolae_ru_great_annihilating_truth
D:4:      layout_cave_pods, makhleb_blood_cavern_becter, zin_scriptorium,
          serial_shops, shop_statue, shop, gammafunk_ghost_split

Skill      XL: |  1  2  3  4  5 |
---------------+----------------+-----
Long Blades    | 1 2 |  2.1
Fighting       | 1 |  1.2
Conjurations   | 2 |  2.0
Translocations | 2 |  2.1
Air Magic      | 1 |  1.0
Poison Magic   | 1 |  1.0
Dodging        | |  2.6
Stealth        | |  2.6
Spellcasting   | |  3.8
Summonings     | |  1.0

Action                   |  1- 3 |  4- 6 || total
-------------------------+-------+-------++-------
Melee: Unarmed           |    15 |       ||    15
       Constrict         |    12 |    14 ||    26
       Tentacles         |     6 |     5 ||    11
       Long sword        |    17 |    40 ||    57
 Cast: Magic Dart        |    40 |    21 ||    61
       Blink             |       |     2 ||     2
       Mephitic Cloud    |       |     1 ||     1
  Use: Potion            |       |     1 ||     1
 Stab: Sleeping          |     4 |     3 ||     7
       Paralysed         |       |     1 ||     1
  Eat: Chunk             |     2 |     3 ||     5
Armor: Skin              |     4 |     1 ||     5
Dodge: Dodged            |    34 |    35 ||    69
       Rpst.: Long sword |     8 |    10 ||    18
